 Dungeon Crawl Stone Soup version 0.29-a0-330-g52719c12eb (webtiles) character file.

Game seed: 2351216461251337194

644 Ajdolov the Grave Robber (level 7, -1/46 HPs)
             Began as a Mummy Necromancer on May 5, 2022.
             Slain by Edmund
             ... wielding a +3 flail of protection
              (8 damage)
             ... on level 5 of the Dungeon.
             The game lasted 00:10:18 (5102 turns).

Ajdolov the Grave Robber (Mummy Necromancer)        Turns: 5102, Time: 00:10:18

Health: -1/46      AC:  2    Str: 11    XL:     7   Next: 27%
Magic:  1/16       EV: 12    Int: 16    God:
Gold:   214        SH:  0    Dex: 13    Spells: 10/18 levels left

rFire   . . .      SeeInvis .   m - +1 dagger (venom)
rCold   + . .      Faith    .   (no shield)
rNeg    + + +      Spirit   .   a - +0 robe
rPois   ∞          Reflect  .   (no helmet)
rElec   .          Harm     .   (no cloak)
rCorr   .          Rampage  .   (no gloves)
Will    .....                   (no boots)
Stlth   ++........              (no amulet)
HPRegen 0.15/turn               c - ring of protection from fire
MPRegen 0.15/turn               (no ring)

@: very slightly contaminated
A: cold resistance 1, negative energy resistance 3, torment resistance 2, heat
vulnerability 1, in touch with death 1, no potions
a: no special abilities


You were on level 5 of the Dungeon.
You visited 1 branch of the dungeon, and saw 5 of its levels.

You collected 214 gold pieces.

Inventory:

Hand Weapons
 m - a +1 dagger of venom (weapon)
Armour
 a - a +0 robe (worn)
Jewellery
 c - a ring of protection from fire (left hand)
Scrolls
 b - 8 scrolls of identify {unknown}
 d - a scroll of amnesia {unknown}
 e - 2 scrolls of teleportation {unknown}
 f - 2 scrolls of vulnerability {unknown}
 g - a scroll of enchant armour {unknown}
 h - a scroll of brand weapon {unknown}
 i - a scroll of fear {unknown}
 j - a scroll of torment {unknown}
 k - 2 scrolls of immolation {unknown}
 l - 2 scrolls of fog {unknown}


   Skills:
 + Level 0.1 Fighting
 - Level 1.5 Dodging
 - Level 1.5 Stealth
 + Level 6.0 Spellcasting
 * Level 7.6 Necromancy


You had 10 spell levels left.
You knew the following spells:

 Your Spells              Type           Power      Damage    Failure   Level
a - Pain                  Necr           100%       1d9       1%          1
b - Vampiric Draining     Necr           44%        2d9       1%          3
c - Animate Dead          Necr           22%        N/A       6%          4

Your spell library contained the following spells:

 Spells                   Type           Power      Damage    Failure   Level
 Animate Skeleton         Necr           88%        N/A       1%          1
 Apportation              Tloc           8%         N/A       14%         1
 Foxfire                  Conj/Fire      16%        2x1d4     14%         1
 Agony                    Necr           44%        N/A       16%         5
 Conjure Flame            Conj/Fire      4%         6-21      38%         3
 Inner Flame              Hex/Fire       4%         N/A       38%         3
 Flame Wave               Conj/Fire      4%         2d5       80%         4
 Alistair's Intoxication  Tmut/Pois      2%         N/A       98%         5
 Summon Hydra             Summ           2%         N/A       100%        7
 Sublimation of Blood     Necr           Unusable   N/A       N/A         2
 Wereblood                Tmut           Unusable   N/A       N/A         2

Dungeon Overview and Level Annotations

Branches:
Dungeon (5/15)
 Temple: D:4-7

Altars:

Shops:
D:2 =

Annotations:
D:5 Edmund


Innate Abilities, Weirdness & Mutations

You are immune to poison.
Your flesh is cold resistant. (rC+)
You are immune to negative energy. (rN+++)
You are immune to unholy pain and torment.
You are vulnerable to heat. (rF-)
You are in touch with the powers of death.
You do not drink.


Message History

Aim: Edmund, wielding a +3 flail of protection and wearing a +0 chain mail of poison resistance (moderately wounded)
You feel a surge of power!
You draw life force from Edmund!
You feel life coursing into your body.
Edmund hits you with a +3 flail of protection.
Casting: Vampiric Draining (safe; 1% risk of failure)
Confirm with . or Enter, or press ? or * to list all spells.
Aiming: Vampiric Draining (safe; 1% risk of failure)
Press: ? - help, Shift-Dir - straight line, f/p - Edmund
Aim: Edmund, wielding a +3 flail of protection and wearing a +0 chain mail of poison resistance (heavily wounded)
You feel a surge of power!
You miscast Vampiric Draining.
You are very lightly contaminated with residual magic.
Nothing appears to happen.
Edmund completely misses you.
Casting: Vampiric Draining (safe; 1% risk of failure)
Confirm with . or Enter, or press ? or * to list all spells.
Aiming: Vampiric Draining (safe; 1% risk of failure)
Press: ? - help, Shift-Dir - straight line, f/p - Edmund
Aim: Edmund, wielding a +3 flail of protection and wearing a +0 chain mail of poison resistance (heavily wounded)
You feel a surge of power!
You draw life force from Edmund.
You feel life coursing into your body.
Edmund hits you with a +3 flail of protection!
Edmund attacks as you move away!
Edmund hits you with a +3 flail of protection!
You aren't carrying any items that you can evoke.
Unknown command.
You barely miss Edmund.
Edmund is severely wounded.
Edmund hits you with a +3 flail of protection.
You hit Edmund but do no damage. You punch Edmund, but do no damage.
Edmund is severely wounded.
Edmund hits you with a +3 flail of protection!
* * * LOW HITPOINT WARNING * * *
Unknown command.
You are too injured to fight recklessly!
Unknown command.
Aiming: Pain (safe; 1% risk of failure)
Press: ? - help, Q - select action, (/) - cycle Shift-Dir - straight line, f/p - Edmund
Aim: Edmund, wielding a +3 flail of protection and wearing a +0 chain mail of poison resistance (severely wounded, chance to affect: 83%)
You feel a surge of power!
Edmund writhes in agony.
Edmund hits you with a +3 flail of protection!
You die...

#...# ....
#...##.....
#....#...... .##
#....#.>....
...##..........[
................
#..............
#...@........
##..@........
##########....$....
#.)........>.......
#.................
###...<....#......
####.....##.....
#....## #####
#....# ....##


You could see Edmund.

Vanquished Creatures
  An orc warrior (D:3)
  2 ogres
  A howler monkey (D:4)
  3 hounds
  2 orc priests (D:3)
  An iguana (D:4)
  An orc wizard (D:3)
  2 gnolls (D:4)
  4 adders
  4 worms
  A dart slug (D:1)
  10 orcs
  7 endoplasms
  5 giant cockroaches
  10 goblins
  3 hobgoblins
  3 jackals (D:1)
  12 kobolds
  3 quokkas
  5 ball pythons
  4 bats
  A frilled lizard (D:3)
  2 rats
87 creatures vanquished.

Notes
Turn   | Place    | Note
-------+----------+-------------------------------------------
     0 | D:1      | Ajdolov the Mummy Necromancer began the quest for the Orb.
     0 | D:1      | Reached XP level 1. HP: 13/13 MP: 4/4
   280 | D:1      | Reached XP level 2. HP: 13/19 MP: 1/6
   829 | D:1      | Found a faded altar of an unknown god.
  1325 | D:2      | Gained mutation: You are in touch with the powers of death.
                  | [Mummy growth]
  1325 | D:2      | Reached XP level 3. HP: 24/24 MP: 0/7
  1329 | D:2      | Learned a level 3 spell: Vampiric Draining
  1776 | D:2      | Reached skill level 5 in Necromancy
  1901 | D:2      | Reached XP level 4. HP: 28/30 MP: 5/9
  2074 | D:2      | Found Tyxzatze's Jewellery Boutique.
  2309 | D:3      | Noticed an orc warrior
  2512 | D:3      | Reached XP level 5. HP: 18/35 MP: 0/11
  3058 | D:3      | Noticed an ogre
  3071 | D:3      | Killed an ogre
  3072 | D:3      | Reached skill level 6 in Necromancy
  3238 | D:3      | Reached XP level 6. HP: 36/41 MP: 5/13
  3356 | D:3      | Killed an orc warrior
  3357 | D:3      | Reached skill level 5 in Spellcasting
  4062 | D:4      | Reached skill level 7 in Necromancy
  4195 | D:4      | Learned a level 4 spell: Animate Dead
  4508 | D:4      | Reached XP level 7. HP: 46/46 MP: 9/15
  5085 | D:5      | Entered Level 5 of the Dungeon
  5089 | D:5      | Noticed Edmund
  5102 | D:5      | Slain by Edmund

Illustrated notes

Levels and vault maps discovered:
D:1:      dpeg_arrival_round_c, layout_loops_ring,
          chequers_ecumenical_altar_simple_redux
D:2:      layout_loops_cross, serial_shops, nicolae_shop_behind_doors,
          minmay_ruptured
D:3:      layout_loops_cross, cheibrodos_sewer_entry_bend, minmay_surrounded
D:4:      minmay_angry_zag, layout_basic, grunt_tough_drop
D:5:      layout_cave_pods, tso_oasis_becter, uniq_blork_the_orc, uniq_menkaure,
          uniq_prince_ribbit1, uniq_edmund

Skill      XL: |  1  2  3  4  5  6  7 |
---------------+----------------------+-----
Spellcasting   | 3 4 5 6 |  6.0
Necromancy     | 5 6 7 |  7.6
Fighting       | |  0.1
Dodging        | |  1.5
Stealth        | |  1.5

Action                   |  1- 3 |  4- 6 |  7- 9 || total
-------------------------+-------+-------+-------++-------
Melee: Unarmed           |     3 |       |       ||     3
       Dagger            |     4 |     3 |     2 ||     9
       Punch             |       |       |     1 ||     1
 Cast: Pain              |    69 |    78 |    32 ||   179
       Vampiric Draining |     1 |    21 |     5 ||    27
       Animate Dead      |       |     1 |     1 ||     2
Armor: Robe              |    10 |     5 |       ||    15
Dodge: Dodged            |    29 |    33 |     4 ||    66

Table legend: (Time is in decaauts)
 A = Elapsed time spent in this place.
 B = Non-inter-level travel time spent in this place.
 C = Inter-level travel time spent in this place.
 D = Time resting spent in this place.
 E = Time spent auto-exploring this place.
 F = Levels seen in this place.
 G = Mean time per level.
                   A        B        C        D        E       F      G
               +--------+--------+--------+--------+--------+-----+--------+
         Total |   5106 |   4969 |    137 |    509 |   3705 |   5 | 1021.2 |
       Dungeon |   5106 |   4969 |    137 |    509 |   3705 |   5 | 1021.2 |
               +--------+--------+--------+--------+--------+-----+--------+

Top non-repeatable levels by time:
     D:3: 1323 daAuts
     D:2: 1305 daAuts
     D:1: 1280 daAuts
     D:4: 1180 daAuts
     D:5: 16 daAuts
